 Dungeon Crawl Stone Soup version 0.18-a0-1390-gc02854d (webtiles) character file.

60 ithil the Slasher (level 3, 0/30 HPs)
             Began as a Centaur Gladiator on Feb 21, 2016.
             Slain by a gnoll
             ... wielding a +0 spear
              (2 damage)
             ... on level 2 of the Dungeon on Feb 23, 2016.
             The game lasted 00:08:31 (1181 turns).

ithil the Slasher (Centaur Gladiator)               Turns: 1181, Time: 00:08:31

Health: 0/30       AC:  5    Str: 18    XL:     3   Next: 82%
Magic:  3/3        EV: 10    Int:  7    God:
Gold:   84         SH:  0    Dex:  9    Spells: 0 memorised, 2 levels left

rFire  . . .     SeeInvis .     a - +0 long sword
rCold  . . .     Gourm    .     b - +0 leather armour
rNeg   . . .     Faith    .     (no shield)
rPois  .         Spirit   .     c - +0 helmet
rElec  .         Dismiss  .     (no cloak)
rCorr  .         Reflect  .     (no gloves)
SustAt .         Harm     .     (no barding)
MR     .....                    (no amulet)
Stlth  ..........               (no ring)
                                (no ring)

@: very quick, not resistant to hostile enchantments, extremely unstealthy
A: hooves 3, deformed body, speed 2, tough skin 3
a: no special abilities


You were on level 2 of the Dungeon.
You were not hungry.

You visited 1 branch of the dungeon, and saw 2 of its levels.

You collected 84 gold pieces.

Inventory:

Hand Weapons
 a - a +0 long sword (weapon)
 g - a +0 short sword
 n - a +2 dagger of venom
Missiles
 d - 2 throwing nets (quivered)
Armour
 b - a +0 leather armour (worn)
 c - a +0 helmet (worn)
 j - a +0 leather armour
 k - a +0 ring mail
Jewellery
 p - an uncursed ring of protection from magic {unknown}
Wands
 q - a wand of lightning (11/15)
Scrolls
 e - a scroll of identify
 i - 3 scrolls of remove curse {unknown}
 l - 2 scrolls of teleportation {unknown}
Potions
 m - a potion of haste {unknown}
 o - a potion of heal wounds {unknown}
Comestibles
 f - 2 bread rations
 h - 3 chunks of flesh


   Skills:
 + Level 2.4 Fighting
 + Level 3.2 Long Blades
 + Level 2.3 Throwing
 + Level 0.7 Armour
 + Level 2.7 Dodging


You had 2 spell levels left.
You didn't know any spells.

Dungeon Overview and Level Annotations

Branches:
Dungeon (2/15)

Altars:


Innate Abilities, Weirdness & Mutations

You have hooves in place of feet.
Armour fits poorly on your strangely shaped body.
You cover ground very quickly.
You have extremely tough skin (AC +3).


Message History

Anything else - Stay silent.
Okay, then.
Unknown command.
Unknown command.
Throwing (i - inventory):
d - 3 throwing nets (quivered)
Press: ? - help, Shift-Dir - straight line, f - gnoll
Aim: a gnoll You throw a throwing net.
The throwing net hits the gnoll.
The gnoll is caught in the net!
The gnoll struggles against the net.
You slash the gnoll! You kick the gnoll, but do no damage.
The gnoll is severely wounded.
The gnoll struggles against the net.
The gnoll hits you from afar with a spear!
* * * LOW HITPOINT WARNING * * *
The gnoll barely misses you.
You hit the gnoll. You kick the gnoll, but do no damage.
The gnoll is almost dead.
The gnoll struggles to escape the net.
The gnoll hits you from afar with a spear.
You die...

#.#........# #............#..
...........# #............#..
..#........#### #............#..
..#...........####...............
..#######.....##.....#####.......
..#######.....##.....#####.......
..............'g.....'...'.......
........#.....##gg...#####.......
........#.....##@.....# #.......
........#.....##.###..# #.......
........#.....##.###..# #.......
..)######g....##......# #.......
...+..........##......##########.
...#..............<.....# #.
...#....................# #.
...#....................# #.
...#.g..................# #.


You could see 3 gnolls.

Vanquished Creatures
  A gnoll (D:2)
  An adder (D:2)
  An ooze (D:1)
  A giant gecko (D:1)
  3 giant cockroaches
  3 hobgoblins
  4 jackals (D:1)
  A quokka (D:2)
  3 ball pythons
  5 bats
  4 goblins
  6 kobolds
  A rat (D:1)
34 creatures vanquished.

Notes
Turn   | Place    | Note
--------------------------------------------------------------
     0 | D:1      | ithil the Centaur Gladiator began the quest for the Orb.
     0 | D:1      | Reached XP level 1. HP: 17/17 MP: 1/1
    52 | D:1      | Reached skill level 3 in Long Blades
    52 | D:1      | Reached XP level 2. HP: 16/24 MP: 2/2
   219 | D:1      | Upgraded the game from 0.18-a0-1372-gd644665 to 0.18-a0-1390-gc02854d
   493 | D:1      | Reached XP level 3. HP: 25/29 MP: 3/3
  1181 | D:2      | Slain by a gnoll

Vault maps used:
D:1:      grunt_arrival_lava_bath

Skill      XL: |  1 |
---------------+----+-----
Long Blades    | 3 |  3.2
Fighting       | |  2.4
Throwing       | |  2.3
Armour         | |  0.7
Dodging        | |  2.7

Action                   || total
-------------------------++-------
Melee: Long sword        ||   105
Throw: Throwing net      ||     1
  Use: Scroll            ||     1
